 Dungeon Crawl Stone Soup version 0.27.1-33-g824d729ab1 (webtiles) character file.

Game seed: 1813561054086350086

12079 SibleyIrresistible the Destroyer (level 11, -6/64 HPs)
             Began as a Tengu Air Elementalist on Dec 10, 2021.
             Mangled by a cane toad (13 damage)
             ... on level 1 of the Lair of Beasts.
             The game lasted 01:03:07 (13973 turns).

SibleyIrresistible the Destroyer (TeAE)            Turns: 13973, Time: 01:03:08

Health: -6/64      AC: 10    Str:  9    XL:     11   Next: 87%
Magic:  4/30       EV: 18    Int: 18    God:
Gold:   804        SH:  0    Dex: 21    Spells: 9/23 levels left

rFire    . . .     SeeInvis .   j - +4 dagger
rCold    . . .     Faith    .   (no shield)
rNeg     . . .     Spirit   .   B - +4 steam dragon scales
rPois    .         Reflect  .   (helmet restricted)
rElec    .         Harm     .   (no cloak)
rCorr    .         Rampage  .   A - +0 pair of gloves
Will     .....                  (boots unavailable)
Stlth    ++........             e - amulet of regeneration
HPRegen  1.20/turn              w - ring of magical power
MPRegen  0.22/turn              D - +6 ring of dexterity

@: flying quickly and evasively, quick
A: beak, talons 3, nimble flight
a: no special abilities


You were on level 1 of the Lair of Beasts.
You visited 3 branches of the dungeon, and saw 12 of its levels.
You also visited: Ossuary and Volcano.

You collected 804 gold pieces.

Inventory:

Hand Weapons
 j - a +4 dagger (weapon)
Armour
 d - a +1 robe
 A - a +0 pair of gloves (worn)
 B - +4 steam dragon scales (worn)
Magical Staves
 v - a staff of poison
Jewellery
 e - an amulet of regeneration (around neck)
 l - a ring of resist corrosion
 o - an amulet of reflection
 u - a ring of protection from fire
 w - a ring of magical power (left hand)
 D - a +6 ring of dexterity (right hand)
 E - a ring of poison resistance
 F - a ring of fire
 J - an amulet of guardian spirit
Wands
 q - a wand of iceblast (10)
 t - a wand of mindburst (13)
 z - a wand of flame (62)
Scrolls
 a - 7 scrolls of teleportation
 c - a scroll of magic mapping
 f - 2 scrolls of fog
 g - a scroll of torment {unknown}
 h - 2 scrolls of fear {unknown}
 r - 2 scrolls of noise {unknown}
 s - a scroll of acquirement {unknown}
 y - 6 scrolls of amnesia {unknown}
 H - 2 scrolls of identify
 K - a scroll of enchant weapon {unknown}
Potions
 b - 3 potions of curing
 i - a potion of cancellation {unknown}
 k - a potion of brilliance
 m - a potion of lignification
 n - 4 potions of might {unknown}
 p - a potion of attraction {unknown}
 x - a potion of mutation {unknown}
 C - 2 potions of haste {unknown}
 G - a potion of degeneration {unknown}
 I - a potion of flight {unknown}


   Skills:
 - Level 6.1 Fighting
 - Level 5.0 Dodging
 - Level 2.0 Stealth
 - Level 6.5 Spellcasting
 * Level 13.0 Conjurations
 - Level 7.0 Necromancy
 * Level 12.9 Air Magic


You had 9 spell levels left.
You knew the following spells:

 Your Spells              Type           Power      Damage    Failure   Level
a - Shock                 Conj/Air       100%       1d9       1%          1
b - Swiftness             Air            51%        N/A       1%          3
c - Static Discharge      Conj/Air       51%        N/A       1%          2
d - Airstrike             Air            25%        N/A       1%          4
e - Animate Skeleton      Necr           62%        N/A       1%          1
f - Vampiric Draining     Necr           15%        2d8       1%          3

Your spell library contained the following spells:

 Spells                   Type           Power      Damage    Failure   Level
 Pain                     Necr           100%       1d9       1%          1
 Corpse Rot               Necr/Air       N/A        N/A       1%          2
 Dispel Undead            Necr           31%        3d14      6%          4
 Sandblast                Erth           10%        2d5       12%         1
 Passwall                 Tmut/Erth      4%         N/A       17%         2
 Death Channel            Necr           15%        N/A       67%         6
 Lee's Rapid Deconstruct  Erth           2%         3d6*      97%         5
 Summon Forest            Summ/Tloc      2%         N/A       97%         5
 Eringya's Noxious Bog    Tmut/Pois      2%         N/A       100%        6
 Invisibility             Hex            2%         N/A       100%        6
 Summon Hydra             Summ           2%         N/A       100%        7
 Chain Lightning          Conj/Air       25%        3d34      100%        9
 Fire Storm               Conj/Fire      14%        8d4       100%        9


Dungeon Overview and Level Annotations

Branches:
Dungeon (9/15)             Temple (1/1) D:4            Lair (2/6) D:9
Ossuary (visited)         Volcano (visited)
  Swamp: Lair:2-4    Shoals: Lair:2-4     Snake: Lair:2-4    Spider: Lair:2-4
    Orc: D:9-12

Altars:
Cheibriados
Dithmenos
Elyvilon
Fedhas
Gozag
Hepliaklqana
Kikubaaqudgha
Makhleb
Nemelex Xobeh
Okawaru
Qazlal
Ru
Sif Muna
Trog
Vehumet
Wu Jian
Xom
Yredelemnul
Zin
The Shining One

Shops:
D:8 **

Annotations:
D:7 2 transporters, exclusion: ice statue, Adrian566's ghost, novice TrFi


Innate Abilities, Weirdness & Mutations

You have a beak for a mouth.
You have claws for feet.
Your magical nature lets you fly swiftly and evasively.


Message History

The cane toad stings you.
* * * LOW HITPOINT WARNING * * *
You fly upwards.
Your komodo dragon skeleton crumbles into dust!
There is a stone staircase leading down here.
Casting: Animate Skeleton (safe; 1% risk of failure)
Confirm with . or Enter, or press ? or * to list all spells.
The cane toad is struck by an arc of lightning.
The cane toad is lightly wounded.
The lightning grounds out.
The cane toad stings you but does no damage.
The cane toad closely misses you.
Casting: Static Discharge (safe; 1% risk of failure)
Confirm with . or Enter, or press ? or * to list all spells.
The cane toad is struck by an arc of lightning.
The cane toad is moderately wounded.
You are struck by an arc of lightning.
* * * LOW HITPOINT WARNING * * *
The lightning grounds out.
The cane toad stings you but does no damage.
Casting: Static Discharge (safe; 1% risk of failure)
Confirm with . or Enter, or press ? or * to list all spells.
The cane toad is struck by an arc of lightning!
The cane toad is heavily wounded.
You are struck by an arc of lightning.
* * * LOW HITPOINT WARNING * * *
The cane toad is struck by an arc of lightning!
The cane toad is severely wounded.
You are struck by an arc of lightning.
* * * LOW HITPOINT WARNING * * *
The lightning grounds out.
The cane toad stings you but does no damage.
Casting: Static Discharge (safe; 1% risk of failure)
Confirm with . or Enter, or press ? or * to list all spells.
The cane toad is struck by an arc of lightning!
The cane toad is almost dead.
You are struck by an arc of lightning.
* * * LOW HITPOINT WARNING * * *
The lightning grounds out.
The cane toad stings you!
You die...

..........##### ### ###.## ##'
.#+####.### ### #..# #. ...# ###
##P#####..##### ## #..####.#####
##...........#.# #
..........#.###............+.## #
...........#..................###
..........##.#.#...........#....'
.............###...........###.##
......[...#### #@F.........# ###.
..........# #####.#.##### ##
..........# ##### # ########### #


You could see a cane toad.

Vanquished Creatures
  A red draconian (Volcano)
  A centaur warrior (Volcano)
  3 death yaks
  An oklob plant (Lair:2)
  2 molten gargoyles (Volcano)
  The ghost of dianekeaton the Cruncher, a novice MiGl (D:5)
  4 komodo dragons
  A polar bear (Lair:2)
  A wyvern (D:9)
  4 yaks (D:9)
  A shadow (D:6)
  2 fire bats (Volcano)
  Eustachio (D:5)
  A basilisk (Lair:1)
  3 steam dragons
  4 water moccasins
  A hornet zombie (D:8)
  2 sky beasts
  A black bear (D:6)
  2 orc warriors
  2 necrophages
  3 ogres (D:5)
  2 phantoms
  5 centaurs
  7 bullfrogs
  A kobold brigand (D:9)
  A scorpion (D:7)
  A wyvern zombie (D:6)
  2 wyvern skeletons
  5 water moccasin zombies
  10 wights
  7 killer bees (D:9)
  A centaur zombie (D:9)
  4 lava snakes (Volcano)
  3 hounds
  An orc priest (D:3)
  3 jellies
  A bullfrog skeleton (D:7)
  2 hell rats
  2 iguanas (D:5)
  An orc wizard (D:6)
  A scorpion zombie (D:5)
  2 killer bee zombies
  A hound skeleton (D:5)
  2 mummies (Ossuary)
  A river rat (D:9)
  8 adders
  A howler monkey skeleton (D:7)
  2 white imps
  2 ufetubi
  2 adder zombies (Ossuary)
  2 adder skeletons
  2 worms (D:2)
  2 dart slugs
  16 orcs
  8 ball pythons
  8 bats
  6 endoplasms
  3 giant cockroaches
  7 gnoll zombies (Ossuary)
  10 goblins
  7 hobgoblins
  12 jackals
  6 quokkas
  3 frilled lizards
  3 hobgoblin zombies (Ossuary)
  8 kobolds
  5 kobold zombies (Ossuary)
  10 orc zombies (Ossuary)
  13 rats
  2 butterflies (D:8)
256 creatures vanquished.

Vanquished Creatures (others)
  An orc wizard (D:3)
  2 fungi (Lair:1)
  11 plants
14 creatures vanquished.

Grand Total: 270 creatures vanquished

Notes
Turn   | Place    | Note
-------+----------+-------------------------------------------
     0 | D:1      | SibleyIrresistible the Tengu Air Elementalist began the
                  | quest for the Orb.
     0 | D:1      | Reached XP level 1. HP: 10/10 MP: 4/4
    59 | D:1      | Reached XP level 2. HP: 5/15 MP: 0/6
   501 | D:1      | Reached skill level 5 in Air Magic
   815 | D:1      | Reached XP level 3. HP: 20/20 MP: 1/7
   876 | D:1      | Reached skill level 1 in Fighting
  1163 | D:2      | Found a faded altar of an unknown god.
  1690 | D:2      | Reached XP level 4. HP: 18/25 MP: 0/8
  2422 | D:3      | Gained mutation: Your magical nature lets you fly swiftly
                  | and evasively. [Tengu growth]
  2422 | D:3      | Reached XP level 5. HP: 29/30 MP: 3/9
  3629 | D:4      | Reached XP level 6. HP: 36/36 MP: 4/10
  3722 | D:4      | Found a sand-covered staircase.
  3726 | Ossuary  | Entered an ossuary
  3828 | Ossuary  | Learned a level 3 spell: Swiftness
  3831 | Ossuary  | Learned a level 2 spell: Static Discharge
  4031 | Ossuary  | Reached XP level 7. HP: 42/42 MP: 0/11
  4349 | D:4      | Found a shadowy altar of Dithmenos.
  4600 | D:4      | Found a staircase to the Ecumenical Temple.
  4606 | Temple   | Entered the Ecumenical Temple
  4801 | D:4      | Found a snail-covered altar of Cheibriados.
  5016 | D:5      | Entered Level 5 of the Dungeon
  5042 | D:5      | Noticed Eustachio
  5055 | D:5      | Reached skill level 5 in Fighting
  5065 | D:5      | Killed Eustachio
  5066 | D:5      | Reached XP level 8. HP: 27/50 MP: 0/12
  5246 | D:5      | Noticed dianekeaton's ghost (novice MiGl)
  5249 | D:5      | Found a transporter.
  5323 | D:5      | Reached skill level 10 in Air Magic
  5329 | D:5      | Reached skill level 2 in Conjurations
  5613 | D:5      | Reached skill level 3 in Conjurations
  5673 | D:5      | Found a transporter.
  6041 | D:6      | Reached skill level 4 in Conjurations
  6131 | D:6      | Reached skill level 5 in Conjurations
  6138 | D:6      | Learned a level 4 spell: Airstrike
  6378 | D:6      | Reached skill level 6 in Conjurations
  6502 | D:6      | Reached XP level 9. HP: 55/55 MP: 11/15
  6919 | D:6      | Found an iron altar of Okawaru.
  7048 | D:6      | Reached skill level 7 in Conjurations
  7350 | D:7      | Noticed a komodo dragon
  7367 | D:6      | Killed a komodo dragon
  7368 | D:6      | Reached skill level 8 in Conjurations
  7582 | D:7      | Reached skill level 9 in Conjurations
  7599 | D:7      | Reached skill level 5 in Spellcasting
  7604 | D:7      | Learned a level 1 spell: Animate Skeleton
  7767 | D:7      | Noticed a six-headed hydra
  7769 | D:7      | Noticed an ice statue
  7770 | D:7      | Noticed Adrian566's ghost (novice TrFi)
  7774 | D:7      | Found a transporter.
  7779 | D:7      | Found a transporter.
  7807 | D:7      | Found a sparkling altar of Nemelex Xobeh.
  7820 | D:7      | Reached skill level 1 in Necromancy
  8231 | D:8      | Found Unteps's General Store.
  8232 | D:8      | Found Sicoh's General Store.
  8233 | D:8      | Found Cauf's General Store.
  8302 | D:8      | Reached skill level 10 in Conjurations
  8358 | D:8      | Found a hazy altar of Hepliaklqana.
  8602 | D:8      | Reached XP level 10. HP: 52/60 MP: 8/19
  8716 | D:8      | Found a glowing golden altar of the Shining One.
  8717 | D:8      | Found a sacrificial altar of Ru.
  8717 | D:8      | Found a burning altar of Makhleb.
  8959 | D:8      | Found a shimmering altar of Xom.
  9376 | D:5      | Killed dianekeaton's ghost
  9746 | D:9      | Noticed a death yak
  9750 | D:9      | Noticed a death yak
  9759 | D:9      | Noticed a death yak
  9769 | D:9      | Found a staircase to the Lair.
  9773 | D:9      | Killed a death yak
  9774 | D:9      | Reached skill level 5 in Necromancy
  9987 | D:8      | HP: 2/60 [death yak (22)]
 10102 | D:8      | Killed a death yak
 10384 | D:8      | Killed a death yak
 10385 | D:8      | Reached skill level 5 in Dodging
 10887 | D:9      | Reached XP level 11. HP: 64/64 MP: 17/21
 11188 | D:9      | Reached skill level 11 in Conjurations
 11462 | D:9      | Found a stormy altar of Qazlal.
 11767 | Lair:1   | Entered Level 1 of the Lair of Beasts
 11953 | Lair:1   | Learned a level 3 spell: Vampiric Draining
 12078 | Lair:1   | Found a dark tunnel.
 12086 | Volcano  | Entered a volcano
 12600 | Volcano  | Found a bloodstained altar of Trog.
 12600 | Volcano  | Noticed a centaur warrior
 12628 | Volcano  | Killed a centaur warrior
 12801 | Volcano  | Reached skill level 12 in Conjurations
 12918 | Volcano  | Noticed a red draconian
 12930 | Volcano  | Killed a red draconian
 13634 | Lair:2   | Noticed an oklob plant
 13639 | Lair:2   | Killed an oklob plant
 13844 | Lair:2   | Noticed a death yak
 13923 | Lair:2   | Noticed a death yak
 13924 | Lair:2   | Noticed a death yak
 13925 | Lair:2   | Noticed a death yak
 13965 | Lair:1   | Reached skill level 13 in Conjurations
 13973 | Lair:1   | Mangled by a cane toad

Illustrated notes

Levels and vault maps discovered:
D:1:      ebering_trefoil_3fold, layout_rooms, minmay_octomino_e4
D:2:      layout_basic, hellmonk_ecumenical_altar_blasted, serial_bayou_ford_a
D:3:      layout_basic, st_stairs_1
D:4:      layout_loops_ring, mainiacjoe_overflow_alcove_2,
          overflow_temple_1_default, minmay_temple_entry_hall,
          nicolae_ossuary_entry_plus, corner_web_ring
D:5:      wad_lake_hut, layout_gridville, gammafunk_ghost_arena,
          hangedman_decor_lopped, bh_walls_and_bars, uniq_eustachio
D:6:      layout_gridville, lemuel_round_altar
D:7:      layout_cave_pools, mainiacjoe_overflow_paths, nzn_ghost_randoct
D:8:      layout_gridville, xom_butterflies, nzn_hepliaklqana_mist_gate,
          chequers_temple_overflow_statue_of_worship, grunt_decor_mini_mirrors,
          nicolae_wooded_promenade, chequers_mini_garden
D:9:      layout_irregular_city, nicolae_overflow_hidden_temple,
          dpeg_lair_monsters
Temple:   compressed_dpeg_circular_temple
Lair:1:   layout_roguey, lightli_volcano_entry_magma_tube
Lair:2:   layout_small_grid, spider_nest_entry_web_field,
          grunt_forest_large_clearing_hut

Skill      XL: |  1  2  3  4  5  6  7  8  9 10 11 |
---------------+----------------------------------+-----
Air Magic      | 5 6 7 8 9 10 12 | 12.9
Fighting       | 1 2 3 5 6 |  6.1
Conjurations   | 6 10 13 | 13.0
Spellcasting   | 3 5 6 |  6.5
Necromancy     | 3 7 |  7.0
Dodging        | 5 |  5.0
Stealth        | |  2.0

Action                   |  1- 3 |  4- 6 |  7- 9 | 10-12 || total
-------------------------+-------+-------+-------+-------++-------
Melee: Unarmed           |    17 |    13 |       |       ||    30
       Kick              |     2 |    15 |     4 |    16 ||    37
       Peck              |     2 |     6 |     2 |     7 ||    17
       Dagger            |       |    42 |    26 |    56 ||   124
 Cast: Shock             |    76 |   138 |   154 |    48 ||   416
       Static Discharge  |       |       |    44 |    60 ||   104
       Airstrike         |       |       |    17 |   107 ||   124
       Animate Skeleton  |       |       |       |     3 ||     3
Evoke: Wand              |       |       |     6 |     4 ||    10
  Use: Scroll            |       |     6 |     5 |     2 ||    13
       Potion            |       |       |     1 |     7 ||     8
 Stab: Sleeping          |       |       |       |     2 ||     2
Armor: Robe              |     2 |    11 |     9 |       ||    22
       Steam dragon scal |       |       |       |    17 ||    17
       Skin              |       |       |       |    59 ||    59
Dodge: Dodged            |    24 |    70 |    50 |    79 ||   223
